 Dungeon Crawl Stone Soup version 0.28-a0-556-gab23d0e057 (webtiles) character file.

Game seed: 12350148004948083411

53 Rennog the Skirmisher (level 3, 0/27 HPs)
             Began as an Octopode Fighter on Sept 28, 2021.
             Slain by a goblin (2 damage)
             ... led by Robin
             ... on level 3 of the Dungeon.
             The game lasted 00:01:22 (1699 turns).

Rennog the Skirmisher (Octopode Fighter)            Turns: 1699, Time: 00:01:23

Health: 0/27       AC:  1    Str: 16    XL:     3   Next: 87%
Magic:  3/3        EV: 13    Int: 10    God:
Gold:   80         SH:  4    Dex: 11    Spells: 2/2 levels left

rFire   . . .      SeeInvis .   a - +0 rapier
rCold   . . .      Faith    .   b - +0 buckler
rNeg    . . .      Spirit   .   (helmet restricted)
rPois   .          Reflect  .   (no amulet)
rElec   .          Harm     .   d - ring of wizardry
rCorr   .          Rampage  .   (no ring)
Will    .....                   (no ring)
Stlth   +++.......              (no ring)
HPRegen 0.09/turn               (no ring)
MPRegen 0.08/turn               (no ring)
                                (no ring)
                                (no ring)

@: no status effects
A: almost no armour, amphibious, 8 rings, camouflage 1, gelatinous body 1,
(nimble swimmer 1), tentacles
a: no special abilities


You were on level 3 of the Dungeon.
You visited 1 branch of the dungeon, and saw 3 of its levels.

You collected 80 gold pieces.

Inventory:

Hand Weapons
 a - a +0 rapier (weapon)
Armour
 b - a +0 buckler (worn)
Jewellery
 d - a ring of wizardry (left tentacle)
Scrolls
 g - a scroll of enchant weapon {unknown}
 h - 2 scrolls of identify {unknown}
 i - a scroll of amnesia {unknown}
 j - a scroll of magic mapping {unknown}
Potions
 c - a potion of might
 e - a potion of brilliance {unknown}
 f - 2 potions of curing {unknown}


   Skills:
 * Level 3.9 Fighting
 - Level 2.0 Short Blades
 + Level 3.4 Dodging
 + Level 2.2 Stealth
 - Level 3.0 Shields


You had 2 spell levels left.
You didn't know any spells.
Your spell library was empty.

Dungeon Overview and Level Annotations

Branches:
Dungeon (3/15)

Altars:

Annotations:
D:3 Robin


Innate Abilities, Weirdness & Mutations

You cannot wear most types of armour.
You are amphibious.
You can wear up to eight rings at the same time.
Your skin changes colour to match your surroundings (Stealth+).
Your rubbery body absorbs attacks. (AC +1, EV +1)
((You are camouflaged near water. (Stealth+)))
You have tentacles for arms and can constrict up to eight enemies at once.


Message History

A goblin comes into view. It is wielding a +0 club.
A goblin comes into view. It is wielding a +0 dagger.
The goblin shouts! x2; You hear a shout!
Robin roars a battlecry!
The goblins go into a battle-frenzy!
The goblin shouts!
Robin throws the goblin at you! The goblin closely misses you.
You completely miss the goblin.
The goblin shouts!
Your grab misses the goblin. You squeeze the goblin.
The goblin is moderately wounded.
You block the goblin's attack.
A rat comes into view.
You closely miss the goblin. Your grab misses the goblin.
The goblin is moderately wounded.
The goblin hits you with a +0 club. Robin throws the goblin at you!
The rat twitches its whiskers.
You barely miss the goblin. Your grab misses the goblin.
The goblin is moderately wounded.
The goblin hits you with a +0 club. The goblin closely misses you.
You are too injured to fight recklessly!
You are too injured to fight recklessly!
The goblin unwields a +0 club.
The goblin wields a +0 hunting sling.
The goblin shoots a stone.
The stone hits you.
* * * LOW HITPOINT WARNING * * *
You block the goblin's attack. Robin throws the goblin at you!
* * * LOW HITPOINT WARNING * * *
The goblin closely misses you. The goblin closely misses you.
Robin throws the goblin at you! The goblin barely misses you.
You closely miss the goblin. Your grab misses the goblin.
You block the goblin's attack. The goblin hits you but does no damage.
Robin says, "My army is invincible!"
The goblin hits you but does no damage.
You hit the goblin.
You kill the goblin!
The goblin hits you but does no damage. Robin throws the goblin at you!
* * * LOW HITPOINT WARNING * * *
The goblin hits you with a +0 club.
You die... #.# ### #.# .b# #.#### .PP

########.#..#
######...........##
........#..#.##.#.
#g##.##.#..#.##.#
#####@##.##.........##
#...gg##....#..##.....
##.###g##.##.#..##...#<
#..g.ggg.....)†<.......
#..g.........####......
#..#####..#### #.#.###
#..#.P.#.... #.#.#
#.r#.b.#..#.# .....
#..#...#..#.# )....#


You could see Robin, a hobgoblin (strong) and 5 goblins.

Vanquished Creatures
  An adder (D:2)
  A worm (D:2)
  8 endoplasms
  A giant cockroach (D:2)
  9 goblins
  4 hobgoblins
  A kobold (D:1)
  A quokka (D:2)
  2 ball pythons (D:2)
  2 bats
  3 frilled lizards
  5 rats
38 creatures vanquished.

Notes
Turn   | Place    | Note
-------+----------+-------------------------------------------
     0 | D:1      | Rennog the Octopode Fighter began the quest for the Orb.
     0 | D:1      | Reached XP level 1. HP: 16/16 MP: 1/1
   205 | D:1      | Reached XP level 2. HP: 16/21 MP: 2/2
   306 | D:1      | Reached skill level 1 in Stealth
   988 | D:2      | Reached XP level 3. HP: 26/26 MP: 3/3
  1689 | D:3      | Noticed Robin
  1699 | D:3      | Slain by a goblin

Illustrated notes

Levels and vault maps discovered:
D:1:      erik_arrival_blinker_ship, layout_basic
D:2:      layout_loops_ring, minmay_quadrilaterals
D:3:      layout_loops_cross, mainiacjoe_overflow_catwalk_spiral,
          serial_aquarium, aquarium_bridge_long_separate
          [aquarium_subvault_bridge, aquarium_subvault_wall,
          aquarium_subvault_wall, aquarium_subvault_balcony,
          aquarium_subvault_bridge, aquarium_subvault_window],
          aquarium_bridge_straight [aquarium_subvault_bridge,
          aquarium_subvault_wall, aquarium_subvault_bridge,
          aquarium_subvault_window], aquarium_window_1, aquarium_window_fake,
          aquarium_window_2, aquarium_window_1, aquarium_view_2b,
          aquarium_view_2b, aquarium_balcony_5b, aquarium_pool_2,
          shapermc_ecumenical_altar_venn, uniq_terence, uniq_robin

Skill      XL: |  1  2  3 |
---------------+----------+-----
Stealth        | 1 2 |  2.2
Fighting       | |  3.9
Short Blades   | |  2.0
Dodging        | |  3.4
Shields        | |  3.0

Action                   || total
-------------------------++-------
Melee: Rapier            ||    70
       Constrict         ||    13
       Tentacles         ||     9
 Stab: Sleeping          ||     7
Armor: Skin              ||     9
Dodge: Dodged            ||    24
Block: Buckler           ||    11

Table legend: (Time is in decaauts)
 A = Elapsed time spent in this place.
 B = Non-inter-level travel time spent in this place.
 C = Inter-level travel time spent in this place.
 D = Time resting spent in this place.
 E = Time spent auto-exploring this place.
 F = Levels seen in this place.
 G = Mean time per level.
                   A        B        C        D        E       F      G
               +--------+--------+--------+--------+--------+-----+--------+
         Total |   1705 |   1670 |     35 |      0 |   1416 |   3 |  568.3 |
       Dungeon |   1705 |   1670 |     35 |      0 |   1416 |   3 |  568.3 |
               +--------+--------+--------+--------+--------+-----+--------+

Top non-repeatable levels by time:
     D:2: 1034 daAuts
     D:1: 592 daAuts
     D:3: 78 daAuts
